 Dungeon Crawl Stone Soup version 0.22-a0-305-gd21a89c (webtiles) character file.

274 Amnesiac the Cutter (level 6, -1/37 HPs)
             Began as a Kobold Fighter on Mar 31, 2018.
             Killed by nerve-wracking pain
             ... invoked by an orc priest
              (11 damage)
             ... on level 4 of the Dungeon.
             The game lasted 00:03:04 (1440 turns).

Amnesiac the Cutter (Kobold Fighter)                Turns: 1440, Time: 00:03:05

Health: -1/37      AC:  6    Str: 16    XL:     6   Next: 49%
Magic:  6/6        EV: 10    Int:  9    God:
Gold:   187        SH:  9    Dex: 14    Spells: 5/5 levels left

rFire    . . .     SeeInvis .   a - +0 rapier
rCold    . . .     Gourm    .   c - +0 shield
rNeg     . . .     Faith    .   b - +0 scale mail
rPois    .         Spirit   .   (no helmet)
rElec    .         Reflect  .   (no cloak)
rCorr    .         Harm     .   (no gloves)
MR       .....                  (no boots)
Stlth    ..........             (no amulet)
HPRegen  0.12/turn              (no ring)
MPRegen  0.10/turn              (no ring)

@: no status effects
A: small, carnivore
a: no special abilities


You were on level 4 of the Dungeon.
You were completely stuffed.

You visited 1 branch of the dungeon, and saw 4 of its levels.

You collected 187 gold pieces.

Inventory:

Hand Weapons
 a - a +0 rapier (weapon)
Missiles
 i - 2 needles of frenzy
Armour
 b - a +0 scale mail (worn)
 c - a +0 shield (worn)
Scrolls
 e - 2 scrolls of teleportation {!r}
 h - 2 scrolls of identify {!r, unknown}
Potions
 j - a potion of flight {!q}
Comestibles
 f - 2 rations


   Skills:
 - Level 3.2 Fighting
 * Level 7.3 Short Blades
 - Level 2.4 Armour
 - Level 3.5 Dodging
 - Level 2.4 Shields


You had 5 spell levels left.
You didn't know any spells.

Dungeon Overview and Level Annotations

Branches:
Dungeon (4/15)
 Temple: D:4-7

Altars:
Hepliaklqana


Innate Abilities, Weirdness & Mutations

You are small and have problems with some larger weapons.
You are carnivorous and can eat meat at any time.


Message History

You barely miss the orc wizard.
The orc wizard is heavily wounded.
The orc wizard hits you but does no damage.
You closely miss the orc wizard.
The orc wizard is heavily wounded.
The orc wizard casts a spell.
The orc wizard flickers and vanishes!
Deactivating autopickup; reactivate with Ctrl-A.
You hit something. Something hits you but does no damage.
Your scale mail prevents you from hitting something.
Something hits you but does no damage.
You closely miss something. You closely miss something. Something hits you.
* * * LOW HITPOINT WARNING * * *
You puncture something!
Reactivating autopickup.
You feel a bit more experienced.
You puncture the orc!
You kill the orc!
You hit the orc.
The orc is lightly wounded.
The orc priest calls upon Beogh to heal the orc.
The orc's wounds heal themselves!
You block the orc's attack.
Really quaff
j - a potion of flight {!q}?
Okay, then.
Really quaff
k - a potion of curing {!q}?
You feel better.
You hit the orc.
The orc is lightly wounded.
The orc hits you with a flail.
The orc priest mumbles some strange prayers to Beogh against you.
Beogh smites you!
* * * LOW HITPOINT WARNING * * *
You hit the orc.
The orc is heavily wounded.
The orc barely misses you.
Your shield prevents you from hitting the orc.
The orc is heavily wounded.
The orc hits you but does no damage.
You puncture the orc!
You kill the orc!
You hit the orc priest.
The orc priest is lightly wounded.
You block the orc priest's attack.
You hit the orc priest but do no damage.
The orc priest is lightly wounded.
You block the orc priest's attack.
You hit the orc priest but do no damage.
The orc priest is lightly wounded.
You block the orc priest's attack.
Your shield prevents you from hitting the orc priest.
The orc priest is lightly wounded.
The orc priest hits you with a hand axe.
* * * LOW HITPOINT WARNING * * *
You hit the orc priest.
The orc priest is moderately wounded.
The orc priest hits you but does no damage.
You hit the orc priest but do no damage.
The orc priest is moderately wounded.
You closely miss the orc priest.
The orc priest is moderately wounded.
The orc priest mumbles some strange prayers to Beogh against you.
Pain shoots through your body!
You die...

.###.####(#.....>..
.###.##...#...###.#
........#####.#
.....#....#...#
.###.#.##.#.######
.# #.#...........#
.# #.#####.#####.#
.###.#####.# #.# ##
)..........# #@# o.
############
#o####.# #(..oo.#
########


You could see an orc priest.

Vanquished Creatures
  Sigmund (D:4)
  An orc priest (D:2)
  An orc wizard (D:4)
  3 adders
  An adder skeleton (D:4)
  A worm (D:4)
  A dart slug (D:1)
  A leopard gecko (D:2)
  7 orcs (D:4)
  A ball python (D:1)
  2 giant cockroaches
  5 goblins
  6 hobgoblins (D:1)
  A bat (D:1)
  3 frilled lizards
  A jackal skeleton (D:4)
  2 kobolds (D:1)
  4 rats
42 creatures vanquished.

Notes
Turn   | Place    | Note
-------+----------+-------------------------------------------
     0 | D:1      | Amnesiac the Kobold Fighter began the quest for the Orb.
     0 | D:1      | Reached XP level 1. HP: 14/14 MP: 1/1
    22 | D:1      | Reached skill level 3 in Short Blades
    46 | D:1      | Reached skill level 1 in Dodging
    46 | D:1      | Reached XP level 2. HP: 16/19 MP: 2/2
   333 | D:1      | Reached XP level 3. HP: 19/23 MP: 3/3
   403 | D:1      | Reached skill level 4 in Short Blades
   581 | D:2      | Reached XP level 4. HP: 9/28 MP: 4/4
   858 | D:2      | Reached skill level 5 in Short Blades
   942 | D:4      | Noticed Sigmund
  1004 | D:4      | Killed Sigmund
  1004 | D:4      | Reached skill level 6 in Short Blades
  1004 | D:4      | Reached XP level 5. HP: 18/32 MP: 5/5
  1004 | D:4      | Reached XP level 6. HP: 21/37 MP: 6/6
  1184 | D:4      | Found a hazy altar of Hepliaklqana.
  1324 | D:4      | Reached skill level 7 in Short Blades
  1440 | D:4      | Killed from afar by an orc priest

Vault maps used:
D:1:      elethiomel_arrival_infinity_welcomes_careful_drivers,
          skrybe_limestone_x, hangedman_decor_lopped
D:2:      first_ration
D:3:      serial_bayou_pond_c, grunt_ministairs_1, bloody_makhleb, uniq_ijyb
D:4:      nicolae_overflow_crystal_walls, minmay_statues_item, uniq_sigmund

Skill      XL: |  1  2  3  4  5  6 |
---------------+-------------------+-----
Short Blades   | 3 4 6 7 |  7.3
Dodging        | 1 2 3 |  3.5
Fighting       | |  3.2
Armour         | |  2.4
Shields        | |  2.4

Action                   |  1- 3 |  4- 6 || total
-------------------------+-------+-------++-------
Melee: Rapier            |    74 |   133 ||   207
  Use: Potion            |     2 |     5 ||     7
       Scroll            |       |     4 ||     4
  Eat: Chunk             |     7 |     3 ||    10
Armor: Scale mail        |    33 |    41 ||    74
Dodge: Dodged            |    23 |    36 ||    59
Block: Shield            |    33 |    45 ||    78

Table legend:
 A = Spawn XP
 B = Non-spawn XP
 C = Spawn XP percentage of total XP
 D = Spawn monster count
 E = Non-spawn monster count
 F = Spawn count percentage of total count
 G = Total turns spent on level
                    A         B        C        D         E        F      G
               +---------+---------+-------+---------+---------+-------+---------
         Total |       0 |     392 |   0.0 |       0 |      42 |   0.0 |  1440
               +---------+---------+-------+---------+---------+-------+---------
           D:1 |       0 |      33 |   0.0 |       0 |      19 |   0.0 |   429
           D:2 |       0 |      65 |   0.0 |       0 |       6 |   0.0 |   492
           D:4 |       0 |     294 |   0.0 |       0 |      17 |   0.0 |   514
               +---------+---------+-------+---------+---------+-------+---------
